 Dungeon Crawl Stone Soup version 0.27-a0-637-g3a9f0a9c12 (webtiles) character file.

Game seed: 5074840036590452671

63 Johnny the Magician (level 3, 0/31 HPs)
             Began as a Deep Elf Earth Elementalist on Mar 15, 2021.
             Was an Initiate of Okawaru.
             Succumbed to an adder's poison
             ... on level 2 of the Dungeon.
             The game lasted 00:01:13 (1770 turns).

Johnny the Magician (Deep Elf Earth Elementalist)   Turns: 1770, Time: 00:01:14

Health: 0/31       AC: 21    Str:  2 (5)  XL:     3   Next: 89%
Magic:  7/10       EV:  2    Int: 17 (20) God:    Okawaru [......]
Gold:   69         SH:  0    Dex: 12 (15) Spells: 8/9 levels left

rFire    . . .     SeeInvis .   i - +0 short sword
rCold    . . .     Faith    .   (no shield)
rNeg     + + +     Spirit   .   (armour currently unavailable)
rPois    +         Reflect  .   (helmet currently unavailable)
rElec    .         Harm     .   (cloak currently unavailable)
rCorr    .         Rampage  .   (gloves currently unavailable)
Will     .....     NoTele   +   (boots currently unavailable)
Stlth    ++........             (no amulet)
HPRegen  0.10/turn              (no ring)
MPRegen  0.12/turn              (no ring)

@: lethally poisoned (0 -> -4), tree-form (expiring)
A: stationary, stasis, torment immunity, boosted hp
a: Renounce Religion


You were on level 2 of the Dungeon.
You worshipped Okawaru.
Okawaru was noncommittal.
You were a tree.
You visited 1 branch of the dungeon, and saw 2 of its levels.

You collected 69 gold pieces.

Inventory:

Hand Weapons
 i - a +0 short sword (weapon)
Missiles
 b - 27 stones
Armour
 c - a +0 robe (melded)
 j - a +0 pair of gloves
Scrolls
 a - a scroll of enchant armour {unknown}
 f - 2 scrolls of magic mapping {unknown}
 g - a scroll of identify {unknown}
 h - a scroll of teleportation {unknown}


   Skills:
 * Level 2.0 Fighting
 - Level 2.4 Dodging
 - Level 2.4 Stealth
 + Level 3.9 Spellcasting
 - Level 1.1 Transmutations
 + Level 3.8 Earth Magic


You had 8 spell levels left.
You knew the following spells:

 Your Spells              Type           Power      Damage    Failure   Level
a - Sandblast             Erth           32%        2d9       3%          1

Your spell library contained the following spells:

 Spells                   Type           Power      Damage    Failure   Level
 Passwall                 Tmut/Erth      9%         N/A       9%          2
 Stone Arrow              Conj/Erth      18%        3d8       22%         3
 Petrify                  Tmut/Erth      11%        N/A       50%         4
 Lee's Rapid Deconstruct  Erth           8%         3d8*      65%         5


Dungeon Overview and Level Annotations

Branches:
Dungeon (2/15)

Altars:
Okawaru


Message History

Press: ? - help, Shift-Dir - straight line, f/p - adder
Aim: an adder (severely wounded, 34% to evade)
The blast of sand hits the adder.
You kill the adder!
Okawaru accepts your kill.
* * * LOW HITPOINT WARNING * * *
You feel sick.
Your Fighting skill increases to level 2!
Casting: Sandblast (safe; 2% risk of failure)
Confirm with . or Enter, or press ? or * to list all spells.
You can't see any susceptible monsters within range! (Use Z to cast anyway.) It was a potion of lignification.
You turn into a tree.
Your +0 robe melds into your body.
Your roots penetrate the ground.
* * * LOW HITPOINT WARNING * * *
You feel sick.
There is a lethal amount of poison in your body!
There is a lethal amount of poison in your body!
There is a lethal amount of poison in your body!
It was a potion of degeneration.
There was something very wrong with that liquid.
You feel weakened.
You feel dopey.
You feel clumsy.
* * * LOW HITPOINT WARNING * * *
You feel sick.
There is a lethal amount of poison in your body!
There is a lethal amount of poison in your body!
There is a lethal amount of poison in your body!
* * * LOW HITPOINT WARNING * * *
You feel sick.
* * * LOW HITPOINT WARNING * * *
You feel sick.
Okay, then.
* * * LOW HITPOINT WARNING * * *
You feel sick.
* * * LOW HITPOINT WARNING * * *
You feel sick.
Your transformation is almost over.
Okay, then.
Okay, then.
There is a lethal amount of poison in your body!
You die...

..........†.######.# .#
......#........†.#.# ##...
......####)#.......###.....
#####.# #..####...........
#.# ##..# #..#........ #..
###.####...)...... ###
.................$
###...#.....#.....
.......♣..........
(.......####......
.......## #..... .......
..... ....... .... .......
.. ....... .......


There were no monsters in sight!

Vanquished Creatures
  2 adders (D:2)
  2 oozes
  A dart slug (D:1)
  3 giant cockroaches (D:2)
  4 goblins
  7 hobgoblins
  5 kobolds
  A bat (D:1)
  2 frilled lizards (D:1)
  8 rats
35 creatures vanquished.

Notes
Turn   | Place    | Note
-------+----------+-------------------------------------------
     0 | D:1      | Johnny the Deep Elf Earth Elementalist began the quest for
                  | the Orb.
     0 | D:1      | Reached XP level 1. HP: 10/10 MP: 6/6
   400 | D:1      | Reached XP level 2. HP: 16/16 MP: 6/8
   402 | D:1      | Reached skill level 1 in Fighting
  1496 | D:2      | Found an iron altar of Okawaru.
  1508 | D:2      | Reached XP level 3. HP: 20/20 MP: 2/10
  1593 | D:2      | Became a worshipper of Warmaster Okawaru
  1767 | D:2      | HP: 1/31 [poisoned by an adder]
  1770 | D:2      | Succumbed to an adder's poison

Illustrated notes

Levels and vault maps discovered:
D:1:      amcnicky_arrival_choice, layout_loops_cross, serial_forest,
          infiniplex_forest_straight_2, infiniplex_forest_lined_corner,
          infiniplex_forest_side_room, infiniplex_forest_clump_curved,
          infiniplex_forest_3_way, infiniplex_forest_straight_5,
          infiniplex_forest_straight_2
D:2:      layout_rooms, lemuel_crystal_altar

Skill      XL: |  1  2  3 |
---------------+----------+-----
Fighting       | 1 2 |  2.0
Dodging        | |  2.4
Stealth        | |  2.4
Spellcasting   | |  3.9
Transmutations | |  1.1
Earth Magic    | |  3.8

Action                   || total
-------------------------++-------
Melee: Unarmed           ||    19
       Short sword       ||    36
 Cast: Sandblast         ||    38
  Use: Potion            ||     2
Armor: Robe              ||    10
Dodge: Dodged            ||    40

Table legend: (Time is in decaauts)
 A = Elapsed time spent in this place.
 B = Non-inter-level travel time spent in this place.
 C = Inter-level travel time spent in this place.
 D = Time resting spent in this place.
 E = Time spent auto-exploring this place.
 F = Levels seen in this place.
 G = Mean time per level.
                   A        B        C        D        E       F      G
               +--------+--------+--------+--------+--------+-----+--------+
         Total |   1772 |   1760 |     12 |     70 |   1480 |   2 |  886.0 |
       Dungeon |   1772 |   1760 |     12 |     70 |   1480 |   2 |  886.0 |
               +--------+--------+--------+--------+--------+-----+--------+

Top non-repeatable levels by time:
     D:1: 1487 daAuts
     D:2: 285 daAuts
